 Dungeon Crawl Stone Soup version 0.26-a0-846-gcc8f1ee719 (webtiles) character file.

Game seed: 16889567217389025573

23384 miscthings the Thaumaturge (level 12, -14/86 HPs)
             Began as a Mummy Fire Elementalist on Nov 19, 2020.
             Was an Initiate of Gozag.
             Demolished by a boulder beetle (49 damage)
             ... on level 12 of the Dungeon on Nov 20, 2020.
             The game lasted 00:46:35 (15223 turns).

miscthings the Thaumaturge (MuFE)                  Turns: 15223, Time: 00:46:35

Health: -14/86     AC: 14    Str: 12    XL:     12   Next: 71%
Magic:  10/28      EV: 14    Int: 25    God:    Gozag
Gold:   1473       SH:  0    Dex: 12    Spells: 16/35 levels left

rFire    . . .     SeeInvis .   z - staff of earth
rCold    + + .     Faith    .   (no shield)
rNeg     + + +     Spirit   .   n - +2 robe of Ru's Hope {rC+ Stlth+}
rPois    ∞         Reflect  .   f - +0 helmet
rElec    .         Harm     .   d - +1 cloak {rPois}
rCorr    .         Rampage  .   h - +2 pair of gloves
MR       +....                  c - +2 pair of boots
Stlth    +++.......             (no amulet)
HPRegen  0.24/turn              u - +6 ring of intelligence
MPRegen  0.21/turn              q - ring of protection from fire

@: no status effects
A: no potions, fire vulnerability, cold resistance 1, negative energy resistance
3, torment resistance, unbreathing
a: Potion Petition, Call Merchant, Bribe Branch, Renounce Religion


You were on level 12 of the Dungeon.
You worshipped Gozag.
Gozag was most pleased with you.
You visited 2 branches of the dungeon, and saw 14 of its levels.
You also visited: Ice Cave.

You collected 2717 gold pieces.
You spent 142 gold pieces at shops.
You paid 1102 gold pieces to Gozag.

Inventory:

Armour
 c - a +2 pair of boots (worn)
 d - a +1 cloak of poison resistance (worn)
 f - a +0 helmet (worn)
 h - a +2 pair of gloves (worn)
 n - the +2 robe of Ru's Hope (worn) {rC+ Stlth+}
   (You bought it in a shop on level 12 of the Dungeon)

   It protects you from cold.
   It makes you more stealthy.
 C - the +1 ice dragon scales of the Fife {rF- rC++ MR+}
   (You found it in an ice cave)

   It makes you vulnerable to fire.
   It greatly protects you from cold.
   It affects your resistance to hostile enchantments.
Magical Staves
 z - an uncursed staff of earth (weapon)
Jewellery
 i - an uncursed ring of see invisible
 p - an uncursed ring of protection from cold
 q - a ring of protection from fire (right hand)
 u - a +6 ring of intelligence (left hand)
Wands
 a - a wand of paralysis (5)
 g - a wand of flame (49)
 m - a wand of digging (17)
 r - a wand of acid (10)
 s - a wand of iceblast (13)
 A - a wand of random effects (17)
 E - a wand of polymorph (4)
Scrolls
 b - 2 scrolls of blinking
 e - 4 scrolls of immolation
 j - 2 scrolls of remove curse
 k - 5 scrolls of amnesia
 l - 3 scrolls of teleportation
 o - a scroll of enchant weapon
 t - 2 scrolls of fog
 v - a scroll of brand weapon {unknown}
 w - a scroll of enchant armour
 x - a scroll of summoning
 y - 6 scrolls of identify {@r1}
 D - 4 scrolls of fear
Miscellaneous
 B - a lightning rod (inert)


   Skills:
 + Level 5.2 Fighting
 + Level 4.2 Armour
 + Level 4.7 Dodging
 - Level 1.5 Stealth
 + Level 12.3 Spellcasting
 + Level 8.8 Conjurations
 - Level 3.0 Hexes
 + Level 9.3 Fire Magic
 - Level 2.0 Air Magic
 - Level 2.0 Poison Magic
 + Level 4.4 Evocations


You had 16 spell levels left.
You knew the following spells:

 Your Spells              Type           Power        Failure   Level
a - Foxfire               Conj/Fire      ####         1%          1
b - Conjure Flame         Conj/Fire      ######..     1%          3
c - Sticky Flame          Conj/Fire      ######..     1%          4
d - Inner Flame           Hex/Fire       #####...     1%          3
e - Fireball              Conj/Fire      ######....   2%          5
f - Mephitic Cloud        Conj/Pois/Air  #####...     1%          3

Your spell library contained the following spells:

 Spells                   Type           Power        Failure   Level
 Magic Dart               Conj           ####         1%          1
 Slow                     Hex            ####....     1%          2
 Sting                    Tmut/Pois      ###.         2%          1
 Poisonous Vapours        Pois/Air       ####..       2%          2
 Ignite Poison            Fire/Tmut/Pois ####....     2%          3
 Animate Skeleton         Necr           ###...       3%          1
 Pain                     Necr           ###.         3%          1
 Blink                    Tloc           N/A          6%          2
 Call Imp                 Summ           ###.....     6%          2
 Vampiric Draining        Necr           ###.......   12%         3
 Olgreb's Toxic Radiance  Pois           ####....     17%         4
 Animate Dead             Necr           ###.......   36%         4
 Agony                    Necr           ###.....     71%         5


Dungeon Overview and Level Annotations

Branches:
Dungeon (13/15)            Temple (1/1) D:4            Lair (0/6) D:11
  IceCv (visited)
    Orc: D:9-12      Vaults: D:13-14

Altars:
Ashenzari
Cheibriados
Dithmenos
Elyvilon
Fedhas
Gozag
Hepliaklqana
Kikubaaqudgha
Makhleb
Nemelex Xobeh
Qazlal
Ru
Sif Muna
Trog
Uskayaw
Vehumet
Wu Jian
Xom
Yredelemnul
Zin
The Shining One
Beogh
Lugonu

Shops:
D:7 (   D:9 [   D:12 [

Annotations:
D:3 3 runed translucent doors, SkeletonJelly's ghost, amateur MiFi


Innate Abilities, Weirdness & Mutations

You do not drink.
Your flesh is vulnerable to fire.
You are immune to poison.
Your flesh is cold resistant. (rC+)
You are immune to negative energy. (rN+++)
You are immune to unholy pain and torment.
You can survive without breathing.


Message History

The yak is engulfed in noxious fumes.
Casting: Mephitic Cloud (safe; 1% risk of failure)
Confirm with . or Enter, or press ? or * to list all spells.
Aiming: Inner Flame (safe; 1% risk of failure)
Press: ? - help, Shift-Dir - straight line, f/p - boulder beetle
Aim: a boulder beetle (lightly wounded, confused, chance to defeat MR: 82%)
The boulder beetle barely resists.
Casting: Inner Flame (safe; 1% risk of failure)
Confirm with . or Enter, or press ? or * to list all spells.
Aiming: Inner Flame (safe; 1% risk of failure)
Press: ? - help, Shift-Dir - straight line, f/p - boulder beetle
Aim: a boulder beetle (lightly wounded, confused, chance to defeat MR: 82%)
The boulder beetle is filled with an inner flame.
The boulder beetle bites you! The yak gores you!
The boulder beetle seems less confused.
The yak gores the yak!
The boulder beetle curls into a ball and begins rolling!
The boulder beetle hits you!!!
Ouch! That really hurt!
You die...
Your body crumbles into a pile of gold.

##. ..# . #..##$.#
#.###..Y..# #.)....Y.#
##.....Y.## ##...#...$.#
..#... ###...# ..
(.....####.°## . ...
.##.@YY°.# . ....
#......#B○.## ....#
#####........#
.....##.###........##
..........#......#..###
..................#....#
......................#####
....$.....................#
..........................###


You could see a boulder beetle (inner flame) and 2 yaks.

Vanquished Creatures
  5 two-headed ogres
  2 death yaks (D:11)
  A deep troll (D:11)
  2 unseen horrors (D:11)
  5 ugly things
  A manticore (D:12)
  2 cyclopes (D:11)
  4 centaur zombies
  3 ice statues (IceCv)
  A gargoyle (D:13)
  A torpor snail (D:10)
  A hornet (D:12)
  4 trolls
  A merfolk (D:8)
  A meliai zombie (D:11)
  2 wraiths
  5 yaks
  A wyvern (D:13)
  A steam dragon (D:10)
  2 basilisks (D:11)
  4 wargs (D:12)
  A soldier ant (D:12)
  2 water moccasins
  2 floating eyes (D:9)
  2 orc warriors
  4 black bears
  17 ice beasts
  4 phantoms
  4 sky beasts
  8 ogres
  An eye of draining (D:10)
  12 centaurs
  9 bullfrogs
  A big kobold (D:10)
  A water moccasin zombie (D:6)
  5 scorpions
  A water moccasin skeleton (D:10)
  9 killer bees
  9 wights
  9 howler monkeys
  5 hounds
  A quasit (D:10)
  3 bullfrog skeletons
  2 gnoll shamans
  4 orc priests
  A jelly (D:6)
  8 orc wizards
  2 centaur skeletons
  An iguana (D:6)
  Ijyb (D:3)
  Terence (D:3)
  7 worker ants
  A killer bee zombie (D:6)
  A hound zombie (D:11)
  6 gnolls
  6 adders
  A river rat (D:11)
  2 shadow imps
  2 white imps (D:5)
  2 ufetubi
  An ooze (D:3)
  3 adder zombies
  An adder skeleton (D:6)
  4 worms
  2 dart slugs
  4 leopard geckos
  32 orcs
  2 ball pythons
  6 bats
  4 giant cockroaches
  4 goblins
  8 hobgoblins
  5 jackals
  11 kobolds
  5 quokkas
  4 frilled lizards
  6 rats
309 creatures vanquished.

Vanquished Creatures (others)
  987 foxfires
987 creatures vanquished.

Grand Total: 1296 creatures vanquished

Notes
Turn   | Place    | Note
-------+----------+-------------------------------------------
     0 | D:1      | miscthings the Mummy Fire Elementalist began the quest for
                  | the Orb.
     0 | D:1      | Reached XP level 1. HP: 13/13 MP: 4/4
   192 | D:1      | Reached XP level 2. HP: 19/19 MP: 1/5
   489 | D:1      | Reached skill level 1 in Conjurations
   680 | D:1      | Reached skill level 3 in Spellcasting
   944 | D:2      | Reached XP level 3. HP: 16/24 MP: 5/7
  1184 | D:2      | You fall into a shaft and drop 1 floor!
  1246 | D:3      | Noticed Terence
  2004 | D:3      | Learned a level 3 spell: Conjure Flame
  2054 | D:3      | Reached XP level 4. HP: 30/30 MP: 1/9
  2376 | D:3      | Reached skill level 4 in Spellcasting
  2463 | D:3      | Found a runed translucent gate.
  2463 | D:3      | Found a runed translucent gate.
  2463 | D:3      | Found a runed translucent gate.
  2464 | D:3      | Found a roughly hewn altar of Beogh.
  2464 | D:3      | Identified the +9 hunting sling "Forykh" {vorpal, rElec rC+
                  | Dex+4}
  2464 | D:3      | Identified the +8 chain mail of the Orb Guardian {rC+
                  | Slay+2}
  2465 | D:3      | Noticed SkeletonJelly's ghost (amateur MiFi)
  2466 | D:3      | Noticed Ijyb
  2498 | D:3      | Killed Ijyb
  2499 | D:3      | Reached XP level 5. HP: 21/35 MP: 0/11
  2601 | D:3      | Killed Terence
  3105 | D:4      | Found a white marble altar of Elyvilon.
  3180 | D:4      | Found a broken altar of Ashenzari.
  3181 | D:4      | Found a shimmering altar of Xom.
  3181 | D:4      | Found a shimmering blue altar of Sif Muna.
  3181 | D:4      | Found an ancient bone altar of Kikubaaqudgha.
  3187 | D:4      | Found a hide-covered altar of Uskayaw.
  3187 | D:4      | Found a stormy altar of Qazlal.
  3345 | D:4      | Learned a level 4 spell: Sticky Flame
  3404 | D:4      | Reached XP level 6. HP: 35/41 MP: 8/13
  3478 | D:4      | Reached skill level 5 in Spellcasting
  3754 | D:4      | Found a staircase to the Ecumenical Temple.
  3779 | Temple   | Entered the Ecumenical Temple
  3796 | Temple   | Became a worshipper of Gozag Ym Sagoz the Greedy
  3925 | D:5      | Entered Level 5 of the Dungeon
  4057 | D:5      | Found a radiant altar of Vehumet.
  4110 | D:5      | Reached XP level 7. HP: 46/46 MP: 11/15
  4486 | D:5      | Reached skill level 6 in Spellcasting
  4956 | D:6      | Reached skill level 5 in Fire Magic
  5232 | D:6      | Learned a level 3 spell: Inner Flame
  5317 | D:6      | Reached skill level 1 in Hexes
  5317 | D:6      | Reached XP level 8. HP: 52/52 MP: 11/18
  5700 | D:6      | Found a shadowy altar of Dithmenos.
  5747 | D:7      | Reached skill level 7 in Spellcasting
  5781 | D:7      | Found a burning altar of Makhleb.
  5783 | D:7      | Found a glowing silver altar of Zin.
  5783 | D:7      | Noticed an angel
  5784 | D:7      | Noticed a blizzard demon
  5822 | D:7      | Found Ymigetso's Weapon Boutique.
  5865 | D:7      | Found a hazy altar of Hepliaklqana.
  6049 | D:7      | Reached skill level 5 in Conjurations
  6053 | D:7      | Reached skill level 8 in Spellcasting
  6130 | D:7      | Reached XP level 9. HP: 55/57 MP: 14/21
  6136 | D:7      | Learned a level 5 spell: Fireball
  7086 | D:8      | Noticed a two-headed ogre
  7090 | D:8      | Noticed a merfolk
  7090 | D:8      | a two-headed ogre changed into a merfolk
  7100 | D:8      | Killed a merfolk
  7529 | D:9      | Reached skill level 9 in Spellcasting
  8302 | D:9      | Reached XP level 10. HP: 50/63 MP: 17/23
  8333 | D:9      | Noticed a two-headed ogre
  8342 | D:9      | Killed a two-headed ogre
  8343 | D:9      | Reached skill level 10 in Spellcasting
  8565 | D:9      | Found a basalt altar of Yredelemnul.
  8727 | D:9      | Found Soor's Antique Armour Shoppe.
  8727 | D:9      | Noticed a two-headed ogre
  8746 | D:9      | Killed a two-headed ogre
  8886 | D:9      | Paralysed by a floating eye for 3 turns
  8922 | D:10     | Entered Level 10 of the Dungeon
  9095 | D:10     | Noticed a two-headed ogre
  9109 | D:10     | Killed a two-headed ogre
  9110 | D:10     | Reached skill level 1 in Fighting
  9110 | D:10     | Reached skill level 1 in Armour
  9110 | D:10     | Reached skill level 11 in Spellcasting
  9110 | D:10     | Reached skill level 1 in Evocations
  9290 | D:10     | Noticed a cyclops
  9308 | D:10     | a cyclops changed into an eye of draining
  9312 | D:10     | Noticed a centaur warrior
  9314 | D:10     | Noticed a torpor snail
  9314 | D:10     | a centaur warrior changed into a torpor snail
  9333 | D:10     | Killed a torpor snail
  9334 | D:10     | Reached XP level 11. HP: 62/72 MP: 2/26
  9370 | D:10     | Noticed a two-headed ogre
  9386 | D:10     | Killed a two-headed ogre
 10263 | D:11     | Noticed a death yak
 10263 | D:11     | Noticed a death yak
 10278 | D:11     | Killed a death yak
 10285 | D:11     | Noticed a death yak
 10484 | D:11     | Noticed an unseen horror
 10489 | D:11     | Killed an unseen horror
 10945 | D:11     | Learned a level 3 spell: Mephitic Cloud
 11125 | D:11     | Noticed a two-headed ogre
 11129 | D:11     | Noticed a deep troll
 11129 | D:11     | a two-headed ogre changed into a deep troll
 11458 | D:11     | Killed a deep troll
 11494 | D:11     | Killed a death yak
 11854 | D:11     | Reached skill level 1 in Poison Magic
 11894 | D:11     | Reached skill level 1 in Air Magic
 12385 | D:11     | Found a staircase to the Lair.
 12695 | D:11     | Noticed an unseen horror
 12698 | D:11     | Noticed a purple ugly thing
 12706 | D:11     | Killed an unseen horror
 12725 | D:11     | Noticed a two-headed ogre
 13149 | D:11     | Reached XP level 12. HP: 38/83 MP: 3/27
 13659 | D:11     | You fall into a shaft and drop 2 floors!
 13670 | D:13     | Noticed a boulder beetle
 13713 | D:13     | Noticed a centaur warrior
 13994 | D:12     | Reached skill level 12 in Spellcasting
 14024 | D:12     | Bought a fabulously ornate robe for 142 gold pieces
 14034 | D:12     | Identified the +2 robe of Ru's Hope {rC+ Stlth+} (You
                  | bought it in a shop on level 12 of the Dungeon)
 14042 | D:12     | Found a frozen archway.
 14292 | IceCv    | Entered an ice cave
 14694 | IceCv    | Reached skill level 5 in Fighting
 14927 | IceCv    | Got jade-encrusted ice dragon scales
 14947 | IceCv    | Identified the cursed +1 ice dragon scales of the Fife {rF-
                  | rC++ MR+} (You found it in an ice cave)
 15104 | D:12     | Noticed a two-headed ogre
 15130 | D:12     | Killed a two-headed ogre
 15209 | D:12     | Noticed a boulder beetle
 15223 | D:12     | Demolished by a boulder beetle

Illustrated notes

Levels and vault maps discovered:
D:1:      evilmike_arrival_rings, layout_basic
D:2:      layout_rooms
D:3:      layout_loops_ring, biasface_ghost_orc_armoury, uniq_ijyb, uniq_terence
D:4:      layout_gridville, minmay_overflow_temple_hex,
          nicolae_overflow_crystal_walls, minmay_temple_entry_poolview,
          kennysheep_generic_room_15
D:5:      cheibrodos_quashed, layout_loops_corners, lemuel_round_altar
D:6:      layout_basic, grunt_dithmenos_smoke_and_mirrors, chequers_avenue,
          abandoned_shop
D:7:      minmay_general_purpose_star, layout_basic,
          grunt_temple_overflow_order_and_chaos_2,
          lemuel_coloured_pillars_altar, serial_shops, shop
D:8:      layout_gridville
D:9:      layout_loops_ring, kennysheep_mini, serial_shops,
          nicolae_shop_waterfront, onia_ninara_cookie
D:10:     layout_basic
D:11:     minmay_skewed_foursquare, layout_loops_ring, dpeg_lair_monsters
D:12:     layout_cave_pools, minmay_orc_entry_guard_dogs,
          portal_ice_cave_entry_ice_beasts
D:13:     layout_cave_pools, skrybe_vaults_entry_preservation,
          gammafunk_ghost_spectres
Temple:   corrupted_temple

Skill      XL: |  1  2  3  4  5  6  7  8  9 10 11 12 |
---------------+-------------------------------------+-----
Conjurations   | 1 2 3 4 5 6 7 8 |  8.8
Fire Magic     | 3 4 5 6 7 8 9 |  9.3
Spellcasting   | 3 4 5 6 8 9 11 12 | 12.3
Hexes          | 1 3 |  3.0
Fighting       | 1 4 5 |  5.2
Armour         | 1 3 4 |  4.2
Dodging        | 2 3 4 |  4.7
Evocations     | 1 3 4 |  4.4
Poison Magic   | 1 2 |  2.0
Air Magic      | 1 2 |  2.0
Stealth        | |  1.5

Action                   |  1- 3 |  4- 6 |  7- 9 | 10-12 || total
-------------------------+-------+-------+-------+-------++-------
Melee: Unarmed           |     8 |    25 |     4 |       ||    37
       Staff             |       |       |     3 |    48 ||    51
 Cast: Foxfire           |    90 |    94 |   214 |   271 ||   669
       Conjure Flame     |     1 |       |     3 |     3 ||     7
       Inner Flame       |       |       |     5 |    16 ||    21
       Sticky Flame      |       |       |     5 |    60 ||    65
       Fireball          |       |       |     6 |    46 ||    52
       Mephitic Cloud    |       |       |       |     1 ||     1
Invok: Potion Petition   |       |       |       |     1 ||     1
       Call Merchant     |       |       |       |     1 ||     1
Evoke: Wand              |       |     3 |     8 |    77 ||    88
       Lightning rod     |       |       |       |     4 ||     4
  Use: Scroll            |     3 |     9 |     9 |     6 ||    27
 Stab: Sleeping          |       |     1 |       |     1 ||     2
       Distracted        |       |       |       |     1 ||     1
Armor: Robe              |    16 |    26 |    37 |   149 ||   228
Dodge: Dodged            |    59 |    31 |    53 |   194 ||   337

Table legend: (Time is in decaauts)
 A = Elapsed time spent in this place.
 B = Non-inter-level travel time spent in this place.
 C = Inter-level travel time spent in this place.
 D = Time resting spent in this place.
 E = Time spent auto-exploring this place.
 F = Levels seen in this place.
 G = Mean time per level.
                   A        B        C        D        E       F      G
               +--------+--------+--------+--------+--------+-----+--------+
         Total |  15251 |  14761 |    490 |   4726 |   6449 |  15 | 1016.7 |
       Dungeon |  14528 |  14052 |    476 |   4282 |   6418 |  13 | 1117.5 |
        Temple |     32 |     18 |     14 |      0 |      9 |   1 |   32.0 |
      Ice Cave |    691 |    691 |      0 |    444 |     22 |   1 |  691.0 |
               +--------+--------+--------+--------+--------+-----+--------+

Top non-repeatable levels by time:
    D:10: 2875 daAuts
    D:11: 1888 daAuts
     D:9: 1610 daAuts
     D:3: 1345 daAuts
     D:1: 930 daAuts
     D:6: 904 daAuts
     D:5: 904 daAuts
     D:4: 829 daAuts
     D:8: 817 daAuts
     D:2: 789 daAuts
     D:7: 756 daAuts
   IceCv: 691 daAuts
    D:12: 572 daAuts
    D:13: 302 daAuts
  Temple: 32 daAuts
